Introsp3ctive, lawful female human Knight --------------- -------- ----- |.............| -------- |.......# |...| ##..............| |?!./%%| |....{.|# |...| # |.............| |%/?*=!| |......| |...| ### |...........<.| |%!(!%!| |>.....| |...| # |.............| |??(.%.| -.------ |...-## -------------|- |......| #### |...| #### --|----- ## --.-- # ## ### ## ### # ### # # #i#### ------.-- # --|--------- --@--------- |.......|# # |..........|##############..e0.......| |.....{.-############# |..........|# |u.........| |.......| # -----.-.-- |......._..|# #-..........| --------- ##.........| |.......(..-##############|..........| |........| ------------# ------------ |.........##################### ---------- Introsp3ctive the Esquire Experience level: 4 Strength: 15 Dexterity: 9 Constitution: 12 Intelligence: 8 Wisdom: 15 Charisma: 17 Health: 0(33) Energy: 20(20) AC: 3 Gold: 119 Moves: 1214 Your Inventory: Coins $ - 119 gold pieces Weapons a - an uncursed +1 long sword (weapon in hand) b - an uncursed +1 lance (alternate weapon; not wielded) r - 23 uncursed [+0] darts Armor c - an uncursed +1 ring mail (being worn) d - an uncursed +0 helmet (being worn) e - an uncursed +0 small shield (being worn) f - an uncursed +0 pair of leather gloves (being worn) Comestibles g - 11 uncursed apples h - 11 uncursed carrots t - 3 uncursed food rations Scrolls j - an uncursed scroll labeled SODALG [of gold detection] k - an uncursed scroll labeled ZLORFIK [of genocide] u - an uncursed scroll labeled FOOBIE BLETCH [of enchant weapon] y - an uncursed scroll labeled GHOTI [of teleportation] B - an [uncursed] scroll labeled LOREN IPSUM [of light] Spellbooks m - an uncursed magenta spellbook [of wizard lock] w - an uncursed paperback spellbook [of magic missile] Potions n - a cursed pink potion [of extra healing] Wands q - an uncursed cedar wand [of opening (0:5)] Tools s - an uncursed looking glass [mirror] Gems i - 2 uncursed red gems [worthless glass] Spells known in the end: Name Level Category Fail Memory Your skills at the end: Fighting Skills riding [Basic / Expert] Weapon Skills long sword [Basic / Expert] lance [Basic / Expert] Spellcasting Skills Final Attributes: You were fervently aligned. Hunger level was 752. Your alignment was 12 / 16. Monster difficulty range was 0 - 3. Level difficulty was 3. You could jump. Your luck was zero. You are dead. Vanquished creatures: a shrieker a giant bat a wererat 2 coyotes 6 manes 3 large kobolds a yellow mold 2 garter snakes a gnome zombie a gecko a kobold a goblin 2 sewer rats 2 bats 3 lichens a newt 29 creatures vanquished. Voluntary challenges: You used a wielded weapon 28 times. You read items or engraved 2 times. You put on armor 8 times. You never genocided any monsters. You never polymorphed an object. You changed form 1 time. You used no wishes. You never wrote Elbereth's name. You never encountered a bones level. You never used any Sokoban shortcuts. Dungeon overview: The Dungeons of Doom: levels 1 to 3 Level 1 a sink a long staircase Level 2 a long staircase Level 3 <- You were here a general store, an altar, some fountains History has recorded: On T:1 you entered the Dungeons of Doom to retrieve the Amulet of Yendor! On T:248 you advanced to experience level 2. On T:368 you reached level 2 of The Dungeons of Doom. On T:508 you reached level 3 of The Dungeons of Doom. On T:586 you advanced to experience level 3. On T:624 you advanced to experience level 4. Latest messages: [HP+1=20] [HP+1=21] The homunculus bites! [HP-1=20] The homunculus misses. The homunculus bites! [HP-1=19] The homunculus bites! [HP-1=18] The homunculus bites! [HP-1=17] The homunculus bites! (2x) [HP-4=13] The homunculus bites! [HP-1=12] The homunculus bites! [HP-2=10] The homunculus bites! (2x) [HP-2=8] The homunculus bites! [HP-3=5] The homunculus bites! [HP-2=3] The homunculus bites! (2x) You die... Final status: Fare thee well Introsp3ctive the Knight... You died in The Dungeons of Doom on dungeon level 3 with 644 points, and 119 pieces of gold, after 1214 moves. You were level 4 with a maximum of 33 hit points when you died.